 Dungeon Crawl Stone Soup version 0.27-a0-1302-g7736ffe575 (webtiles) character file.

Game seed: 3864383852874570970

9 Ijustatesigmund the Skirmisher (level 2, -5/24 HPs)
             Began as a Demonspawn Fighter on June 18, 2021.
             Shot with an arrow by a centaur (14 damage)
             ... on level 4 of the Dungeon.
             The game lasted 00:01:09 (306 turns).

Ijustatesigmund the Skirmisher (Demonspawn Fighter)  Turns: 306, Time: 00:01:10

Health: -5/24      AC:  6    Str: 16    XL:     2   Next: 6%
Magic:  2/2        EV:  6    Int:  9    God:
Gold:   10         SH:  8    Dex: 12    Spells: 1/1 levels left

rFire    . . .     SeeInvis .   a - +0 trident
rCold    . . .     Faith    .   c - +0 kite shield
rNeg     . . .     Spirit   .   b - +0 scale mail
rPois    .         Reflect  .   (helmet restricted)
rElec    .         Harm     .   (no cloak)
rCorr    .         Rampage  .   (no gloves)
Will     .....                  (no boots)
Stlth    ..........             (no amulet)
HPRegen  0.08/turn              (no ring)
MPRegen  0.08/turn              (no ring)

@: no status effects
A: antennae 1
a: no special abilities


You were on level 4 of the Dungeon.
You visited 1 branch of the dungeon, and saw 4 of its levels.

You collected 10 gold pieces.

Inventory:

Hand Weapons
 a - a +0 trident (weapon)
Missiles
 h - 4 curare-tipped darts (quivered)
Armour
 b - a +0 scale mail (worn)
 c - a +0 kite shield (worn)
Scrolls
 e - a scroll of teleportation {unknown}
 f - a scroll of silence {unknown}
Potions
 d - a potion of might
 g - a potion of heal wounds {unknown}


   Skills:
 + Level 3.1 Fighting
 + Level 1.8 Polearms
 + Level 2.9 Armour
 + Level 2.9 Shields


You had one spell level left.
You didn't know any spells.
Your spell library was empty.

Dungeon Overview and Level Annotations

Branches:
Dungeon (4/15)
 Temple: D:4-7

Altars:


Innate Abilities, Weirdness & Mutations

You have a pair of small antennae on your head.


Message History

No target in view!
No target in view!
No target in view!
No target in view!
No target in view!
You see here a quokka corpse.
You now have 10 gold pieces.
Found a stone staircase leading down.
(D) Dungeon
Where to? (Enter - D:2, ? - help)
Found a club.
There is a stone staircase leading down here.
You climb downwards.
There is a stone staircase leading up here.
Found a shiny scale mail.
You see here a +1 scale mail of willpower.
h - 4 curare-tipped darts A centaur comes into view.
The centaur wields a +0 shortbow.
The centaur shoots an arrow.
The arrow hits you.
The centaur shoots an arrow.
The arrow hits you!
The centaur shoots an arrow.
You block the arrow.
You are too injured to fight recklessly!
You are too injured to fight recklessly!
You are too injured to fight recklessly!
You are too injured to fight recklessly!
You are too injured to fight recklessly!
You are too injured to fight recklessly!
You are too injured to fight recklessly!
You are too injured to fight recklessly!
You are too injured to fight recklessly!
You are too injured to fight recklessly!
You are too injured to fight recklessly!
You are too injured to fight recklessly!
You are too injured to fight recklessly!
You are too injured to fight recklessly!
You are too injured to fight recklessly!
The centaur shoots an arrow.
The arrow hits you!
Ouch! That really hurt!
You die...

... # .. #. ..
######## #.# .#
#....... ... .c#
#.###### #.# #.#
#.#.# #.###.# #.#.#
#.#@# #.#.# #.##
#.#.#
#######.########.#.#
..?............#.#.#
#######........#...#
#######..##..#
#..##..# #......#
##.##.##


You could see a centaur.

Vanquished Creatures
  A giant cockroach (D:1)
  3 goblins
  A quokka (D:3)
  2 frilled lizards
  2 kobolds
9 creatures vanquished.

Notes
Turn   | Place    | Note
-------+----------+-------------------------------------------
     0 | D:1      | Ijustatesigmund the Demonspawn Fighter began the quest for
                  | the Orb.
     0 | D:1      | Reached XP level 1. HP: 18/18 MP: 1/1
   205 | D:3      | Gained mutation: You have a pair of small antennae on your
                  | head. [demonic ancestry]
   205 | D:3      | Reached XP level 2. HP: 23/24 MP: 2/2
   304 | D:4      | Noticed a centaur
   306 | D:4      | Shot with an arrow by a centaur

Illustrated notes

Levels and vault maps discovered:
D:1:      lightli_arrival_quake, layout_loops_ring,
          shapermc_ecumenical_altar_flowoftime, roderic_lattice_a
D:2:      kennysheep_six_static_rooms, layout_loops_ring, minmay_unequal
D:3:      layout_basic, chequers_temple_overflow_statue_of_worship, uniq_natasha
D:4:      layout_loops_ring, marbit_many_paths, minmay_door_square,
          dk_vineyard_3, hangedman_decor_riveting

Action                   || total
-------------------------++-------
Melee: Trident           ||    25
Armor: Scale mail        ||     9
Dodge: Dodged            ||     2
Block: Kite shield       ||     7

Table legend: (Time is in decaauts)
 A = Elapsed time spent in this place.
 B = Non-inter-level travel time spent in this place.
 C = Inter-level travel time spent in this place.
 D = Time resting spent in this place.
 E = Time spent auto-exploring this place.
 F = Levels seen in this place.
 G = Mean time per level.
                   A        B        C        D        E       F      G
               +--------+--------+--------+--------+--------+-----+--------+
         Total |    317 |    301 |     16 |      0 |    228 |   4 |   79.2 |
       Dungeon |    317 |    301 |     16 |      0 |    228 |   4 |   79.2 |
               +--------+--------+--------+--------+--------+-----+--------+

Top non-repeatable levels by time:
     D:1: 141 daAuts
     D:3: 87 daAuts
     D:4: 65 daAuts
     D:2: 23 daAuts
